 Dungeon Crawl Stone Soup version 0.28.0-49-g6dfe1f597d (webtiles) character file.

Game seed: 18123132019873396512

166 GigaChad the Covered (level 5, -16/47 HPs)
             Began as a Minotaur Fighter on May 11, 2022.
             Demolished by a two-headed ogre
             ... wielding a +0 giant spiked club
             ... created by the fury of Okawaru
              (35 damage)
             ... on level 3 of the Dungeon.
             The game lasted 00:06:39 (1842 turns).

GigaChad the Covered (Minotaur Fighter)             Turns: 1842, Time: 00:06:39

Health: -16/47     AC:  7    Str: 20    XL:     5   Next: 22%
Magic:  4/4        EV:  9    Int:  5    God:
Gold:   56         SH:  5    Dex: 12    Spells: 4/4 levels left

rFire   . . .      SeeInvis .   a - +0 long sword
rCold   . . .      Faith    .   c - +0 buckler
rNeg    . . .      Spirit   .   b - +0 scale mail
rPois   .          Reflect  .   (helmet restricted)
rElec   .          Harm     .   (no cloak)
rCorr   .          Rampage  .   (no gloves)
Will    .....                   (no boots)
Stlth   ..........              (no amulet)
HPRegen 0.15/turn               (no ring)
MPRegen 0.09/turn               (no ring)

@: no status effects
A: horns 2, retaliatory headbutt
a: no special abilities


You were on level 3 of the Dungeon.
You visited 1 branch of the dungeon, and saw 3 of its levels.

You collected 62 gold pieces.
You donated 6 gold pieces to Zin.

Inventory:

Hand Weapons
 a - a +0 long sword (weapon)
Armour
 b - a +0 scale mail (worn)
 c - a +0 buckler (worn)
Magical Staves
 i - a staff of fire
Wands
 l - a wand of polymorph (4)
Scrolls
 f - a scroll of vulnerability {unknown}
 m - 2 scrolls of identify {unknown}
Potions
 d - a potion of might
 e - 2 potions of cancellation {unknown}
 g - 2 potions of attraction {unknown}
 h - a potion of invisibility {unknown}
 j - a potion of flight {unknown}
 k - 2 potions of brilliance {unknown}
 n - a potion of curing {unknown}


   Skills:
 + Level 4.7 Fighting
 + Level 3.6 Long Blades
 + Level 5.1 Armour
 + Level 0.1 Dodging
 + Level 4.5 Shields


You had 4 spell levels left.
You didn't know any spells.
Your spell library was empty.

Dungeon Overview and Level Annotations

Branches:
Dungeon (3/15)

Altars:
Okawaru
Sif Muna
Uskayaw
Zin


Innate Abilities, Weirdness & Mutations

You have a pair of horns on your head.
You reflexively headbutt those who attack you in melee.


Message History

Found a hide-covered altar of Uskayaw and a glowing silver altar of Zin.
There is an open door here.
Found a scroll labelled MOETHU CEV.
You open the door.
Found 23 arrows.
There is an open door here.
An orc comes into view. It is wielding a +0 hand axe.
There is an open door here.
You see here 23 arrows.
There is a glowing silver altar of Zin here.
You kneel at the altar of Zin.
Zin welcomes you!
You pay a tithe of 6 gold.
You can now donate money to Zin.
Unknown command.
Press < or > to pray at altars.
There is a hide-covered altar of Uskayaw here.
Really renounce your faith, foregoing its fabulous benefits?
Are you sure?
You have lost your religion!
There is a hide-covered altar of Uskayaw here.
You kneel at the altar of Uskayaw.
Uskayaw welcomes you!
Really renounce your faith, foregoing its fabulous benefits?
Are you sure?
You have lost your religion!
Uskayaw does not appreciate desertion!
You start resting.
Okawaru sends forces against you! 2 two-headed ogres come into view.
There are monsters nearby!
There are monsters nearby!
There are monsters nearby!
You closely miss the two-headed ogre. You hit the two-headed ogre.
Your headbutt misses the two-headed ogre.
The two-headed ogre is lightly wounded.
The two-headed ogre hits you with a +0 giant spiked club!!
Ouch! That really hurt!
You die...

##.#.#########
#............#
#....#######'.##
#...## #⌠.⌠.#..# .
#..##.##....#..###...
#..8...#._..#.....^..
#......#....#..###...
##.....#..O.#..).....
.8...#._O@#....#...
.##.##....#.##.# # ##
#⌠.⌠(#....##.#
..#######'........
..................
######...###....?.
#..## .###.. #..# .#
. #..# ..


You could see 2 two-headed ogres.

Vanquished Creatures
  A centaur zombie (D:3)
  An orc priest (D:3)
  6 adders
  2 worms
  2 dart slugs (D:1)
  4 orcs (D:3)
  2 ball pythons
  4 bats
  An endoplasm (D:2)
  A giant cockroach (D:2)
  2 goblins (D:2)
  2 hobgoblins (D:2)
  5 jackals
  2 quokkas
  A frilled lizard (D:2)
  3 kobolds
  3 rats
42 creatures vanquished.

Notes
Turn   | Place    | Note
-------+----------+-------------------------------------------
     0 | D:1      | GigaChad the Minotaur Fighter began the quest for the Orb.
     0 | D:1      | Reached XP level 1. HP: 19/19 MP: 0/0
   342 | D:1      | Found a faded altar of an unknown god.
   349 | D:1      | Prayed at the altar of an unknown god.
   349 | D:1      | Became a worshipper of Sif Muna the Loreminder
   349 | D:1      | Reached * piety under Sif Muna
   392 | D:1      | Reached XP level 2. HP: 27/27 MP: 1/1
   392 | D:1      | Fell from the grace of Sif Muna
   434 | D:1      | Became a worshipper of Sif Muna the Loreminder
   553 | D:2      | Reached skill level 4 in Armour
   576 | D:2      | Reached XP level 3. HP: 30/33 MP: 2/2
   745 | D:2      | Found an iron altar of Okawaru.
   808 | D:2      | Fell from the grace of Sif Muna
   808 | D:2      | Became a worshipper of Warmaster Okawaru
  1611 | D:3      | Reached XP level 4. HP: 26/41 MP: 3/3
  1768 | D:3      | Reached XP level 5. HP: 8/47 MP: 4/4
  1771 | D:3      | Reached skill level 5 in Armour
  1771 | D:3      | Fell from the grace of Okawaru
  1785 | D:3      | Found a hide-covered altar of Uskayaw.
  1785 | D:3      | Found a glowing silver altar of Zin.
  1815 | D:3      | Became a worshipper of Zin the Law-Giver
  1820 | D:3      | Fell from the grace of Zin
  1822 | D:3      | Became a worshipper of Uskayaw the Reveller
  1823 | D:3      | Fell from the grace of Uskayaw
  1841 | D:3      | Noticed a two-headed ogre
  1841 | D:3      | Noticed a two-headed ogre
  1842 | D:3      | Demolished by a two-headed ogre

Illustrated notes

Levels and vault maps discovered:
D:1:      heliophobic_arrival_ceremonial_halls, layout_rooms,
          dilly_ecumenical_altar_fadedgnrine
D:2:      cheibrodos_helix_gallery, layout_basic, basic_altar, st_stairs_7
D:3:      layout_loops_ring, nemelex_spade_bored_becter,
          nicolae_vehumet_radiance, nicolae_overflow_hidden_temple,
          jmf_multi_god_temple

Skill      XL: |  1  2  3  4  5 |
---------------+----------------+-----
Shields        | 4 |  4.5
Fighting       | 4 |  4.7
Armour         | 4 5 |  5.1
Long Blades    | 3 |  3.6
Dodging        | |  0.1

Action                   |  1- 3 |  4- 6 || total
-------------------------+-------+-------++-------
Melee: Long sword        |    59 |    28 ||    87
       Headbutt          |     9 |     5 ||    14
Invok: Renounce Religion |     1 |     3 ||     4
Armor: Scale mail        |    35 |     4 ||    39
Dodge: Dodged            |    38 |    22 ||    60
Block: Buckler           |    25 |     5 ||    30
